 Dungeon Crawl Stone Soup version 0.29.1-12-g30fa7ad0bf (webtiles) character file.

Game seed: 5476185878521778862

929 hawla the Chiller (level 8, -3/58 HPs)
             Began as a Meteoran Ice Elementalist on Jan 14, 2023.
             Slain by a yak (14 damage)
             ... on level 8 of the Dungeon.
             The game lasted 00:10:45 (1691 turns).

hawla the Chiller (Meteoran Ice Elementalist)       Turns: 1691, Time: 00:10:46

Health: -3/58      AC:  7    Str:  9      XL:     8   Next: 58%
Magic:  0/16       EV: 13    Int: 21 (22) God:
Gold:   188        SH:  0    Dex: 14 (15) Spells: 8/16 levels left

rFire   . . .      SeeInvis .   g - +2 short sword "Yfuwn" {flame, Int+3}
rCold   . . .      Faith    .   (no shield)
rNeg    . . .      Spirit   .   a - +0 robe
rPois   .          Reflect  .   b - +2 hat
rElec   .          Harm     .   c - +0 cloak
rCorr   .          Rampage  .   (no gloves)
Will    +....                   f - +1 pair of boots
Stlth   +.........              (no amulet)
HPRegen 0.19/turn               (no ring)
MPRegen 0.15/turn               (no ring)

@: freezing walls, attractive, glowing
A: sense surroundings 1, otherworldly, glowing, explore regen
a: no special abilities


You were on level 8 of the Dungeon.
You visited 1 branch of the dungeon, and saw 7 of its levels.

You collected 188 gold pieces.

Inventory:

Hand Weapons
 g - the +2 short sword "Yfuwn" (weapon) {flame, Int+3}
   (You took it off an orc on level 4 of the Dungeon)

   It burns those it strikes, dealing additional fire damage.
   Int:       It affects your intelligence (+3).
Armour
 a - a +0 robe (worn)
 b - a +2 hat (worn)
 c - a +0 cloak (worn)
 f - a +1 pair of boots (worn)
Jewellery
 e - a +4 ring of protection
 j - a +4 ring of protection
Wands
 i - a wand of paralysis (1)
 k - a wand of quicksilver (12)
Scrolls
 d - a scroll of enchant armour
 h - 2 scrolls of identify
 m - a scroll of vulnerability
Potions
 l - a potion of attraction


   Skills:
 - Level 0.5 Fighting
 + Level 3.8 Short Blades
 - Level 3.3 Dodging
 - Level 1.6 Stealth
 - Level 0.2 Unarmed Combat
 - Level 4.9 Spellcasting
 - Level 6.0 Conjurations
 - Level 6.0 Ice Magic
 - Level 3.0 Evocations


You had 8 spell levels left.
You knew the following spells:

 Your Spells              Type           Power      Damage    Failure   Level
a - Freeze                Ice            100%       1d11      1%          1
b - Frozen Ramparts       Ice            60%        1d10      2%          3
c - Hailstorm             Conj/Ice       30%        3d8       9%          4

Your spell library contained the following spells:

 Spells                   Type           Power      Damage    Failure   Level
 Ozocubu's Armour         Ice            30%        N/A       2%          3
 Static Discharge         Conj/Air       17%        3-6/arc   4%          2
 Call Canine Familiar     Summ           5%         N/A       32%         3
 Portal Projectile        Hex/Tloc       10%        N/A       32%         3
 Sticky Flame             Conj/Fire      17%        2d4       32%         4
 Dispel Undead            Necr           5%         3d7       73%         4
 Leda's Liquefaction      Hex/Erth       2%         N/A       73%         4


Dungeon Overview and Level Annotations

Branches:
Dungeon (8/15) Zot: 2509
 Temple: D:4-7         Lair: D:8-11

Altars:


Innate Abilities, Weirdness & Mutations

You passively map a small area around you.
You are easily found by Zot.
You glow in the dark.
You regain HP and MP as you explore.


Message History

The wall freezes the yak.
The yak gores you.
The wall freezes the yak but does no damage.
Unknown command.
Casting: Hailstorm (dangerous; 9% risk of failure)
Confirm with . or Enter, or press ? or * to list all spells.
Aiming: Freeze (safe; 1% risk of failure)
Press: ? - help, Shift-Dir - straight line, f - yak
Aim: a yak (severely wounded)
You freeze the yak!
The yak is almost dead.
The yak gores you.
The wall freezes the yak but does no damage.
The wall freezes the yak.
The yak gores you!
It was a potion of attraction.
You feel attractive to monsters. The yak gores you.
The wall freezes the yak.
The yak gores you!
The wall freezes the yak.
Casting: Freeze (safe; 1% risk of failure)
Confirm with . or Enter, or press ? or * to list all spells.
Aiming: Freeze (safe; 1% risk of failure)
Press: ? - help, Shift-Dir - straight line, f - yak, p - yak
Aim: a yak (moderately wounded)
You freeze the yak.
The yak is heavily wounded.
The yak barely misses you.
The wall freezes the yak.
The yak gores you but does no damage. The yak gores you.
As you read the scroll labelled IPIBAD WEQIOR, it crumbles to dust.
It is a scroll of identify.
m - a scroll of vulnerability The wall freezes the yak but does no damage.
The yak gores you. The yak closely misses you. x2
Okay, then.
The yak barely misses you. The yak closely misses you.
The wall freezes the yak but does no damage.
The yak gores you!
* * * LOW HITPOINT WARNING * * *
The yak closely misses you.
Unknown command.
The wall freezes the yak.
The yak gores you!
You die...

, , ,
....#
** ,
....# ,
,
...####
,*,<,
......#
* ,
.....#
* ,,,
#...$#
, *
#YY..#
#@Y[.#
#.Y$.#
** *
#....#
,
#....#
,
######
~ * * ,


You could see 4 yaks.

Vanquished Creatures
  The ghost of SirLogeyBear the Chopper, a novice HOBe of Trog (D:4)
  A black bear (D:4)
  A centaur (D:5)
  A necrophage (D:5)
  A scorpion (D:4)
  A howler monkey (D:5)
  2 hounds (D:5)
  2 orc priests (D:4)
  An iguana (D:4)
  An orc wizard (D:5)
  3 gnolls (D:5)
  2 adders (D:5)
  A white imp (D:5)
  An ufetubus (D:4)
  A dart slug (D:3)
  17 orcs
  3 ball pythons (D:4)
  3 endoplasms
  3 giant cockroaches
  A goblin (D:4)
  2 hobgoblins (D:4)
  3 jackals (D:4)
  A quokka (D:4)
  A bat (D:1)
  2 kobolds (D:4)
  A rat (D:1)
57 creatures vanquished.

Notes
Turn   | Place    | Note
-------+----------+-------------------------------------------
     0 | D:1      | hawla the Meteoran Ice Elementalist began the quest for the
                  | Orb.
     0 | D:1      | Reached XP level 1. HP: 14/14 MP: 5/5
   105 | D:3      | Reached XP level 2. HP: 18/20 MP: 2/6
   287 | D:4      | Reached skill level 5 in Ice Magic
   287 | D:4      | Reached XP level 3. HP: 19/26 MP: 2/8
   385 | D:4      | Reached XP level 4. HP: 33/33 MP: 6/9
   389 | D:4      | Learned a level 3 spell: Frozen Ramparts
   526 | D:4      | Identified the +2 short sword "Yfuwn" {flame, Int+3}
   527 | D:4      | Found a runed translucent gate.
   527 | D:4      | Found a runed translucent gate.
   527 | D:4      | Noticed SirLogeyBear's ghost (novice HOBe)
   529 | D:4      | Found a runed translucent gate.
   601 | D:4      | Noticed a black bear
   606 | D:4      | Killed a black bear
   607 | D:4      | Reached XP level 5. HP: 29/39 MP: 3/12
   973 | D:4      | Reached XP level 6. HP: 44/46 MP: 4/13
  1164 | D:4      | Learned a level 4 spell: Hailstorm
  1174 | D:4      | Killed SirLogeyBear's ghost
  1175 | D:4      | Reached skill level 5 in Conjurations
  1175 | D:4      | Reached XP level 7. HP: 24/51 MP: 0/15
  1186 | D:4      | Reached XP level 8. HP: 19/58 MP: 14/16
  1188 | D:4      | Reached skill level 1 in Evocations
  1239 | D:5      | Entered Level 5 of the Dungeon
  1276 | D:5      | Reached skill level 1 in Short Blades
  1677 | D:6      | You fall into a shaft and drop 2 floors!
  1678 | D:8      | Noticed a yak
  1679 | D:8      | Noticed a yak
  1680 | D:8      | Noticed a yak
  1680 | D:8      | Noticed a yak
  1691 | D:8      | Slain by a yak

Illustrated notes

Levels and vault maps discovered:
D:1:      minmay_arrival_up_and_down, layout_rooms, hangedman_glass_teeth
D:2:      layout_loops_ring, dk_noncrumbling_4
D:3:      layout_basic, minmay_misc_feat_square
D:4:      layout_basic, biasface_ghost_orc_armoury
D:5:      layout_rooms, serial_curves, eino_curves_01, eino_curves_03,
          minivault_11
D:6:      layout_basic
D:8:      layout_basic, minmay_misc_feat_more_columns,
          dreamdust_princess_bridge, uniq_grum

Skill      XL: |  1  2  3  4  5  6  7  8 |
---------------+-------------------------+-----
Spellcasting   | 3 4 |  4.9
Ice Magic      | 5 6 |  6.0
Dodging        | 3 |  3.3
Conjurations   | 5 6 |  6.0
Evocations     | 3 |  3.0
Short Blades   | 3 |  3.8
Fighting       | |  0.5
Stealth        | |  1.6
Unarmed Combat | |  0.2

Action                   |  1- 3 |  4- 6 |  7- 9 || total
-------------------------+-------+-------+-------++-------
Melee: Unarmed           |     1 |     3 |     1 ||     5
       Short sword       |       |       |     5 ||     5
 Cast: Freeze            |    21 |    24 |    20 ||    65
       Frozen Ramparts   |       |     8 |    13 ||    21
       Hailstorm         |       |     1 |     7 ||     8
  Use: Scroll            |       |     2 |     1 ||     3
       Potion            |       |       |     5 ||     5
Armor: Robe              |     5 |    29 |    14 ||    48
Dodge: Dodged            |     8 |    53 |    21 ||    82
